Cogmind - Beta 16 @@@ ROGUE MODE // 2025.11.17 @ 19:19:14 Player: ClassActJerk Result: Destroyed by P-60 Hacker with Shock Rifle Performance ------------- Evolutions (3) 1500 Regions Visited (4) 800 Robots Destroyed (64) 320 Value Destroyed (1925) 1925 Prototype IDs (1) 20 Alien Tech Used (0) 0 Bonus (0) 0 TOTAL SCORE: 4565 Bonus ------- None Cogmind --------- Core Integrity 0/700 Matter 277/300 Energy 99/100 System Corruption 11% Temperature Cool (0) Movement Core (400) Ox7 Location -7/Factory Parts ------- > --- POWER (1) -------- (None) > --- PROPULSION (3) --- (None) > --- UTILITY (5) ------ Large Storage Unit Improved Utility Shielding > --- WEAPON (4) ------- (None) > --- INVENTORY (15) --- Light Ion Engine Light Nuclear Core Enhanced Nuclear Core Medium Matter Pod (0) Peak State ------------ > --- POWER ------------ Light Ion Engine > --- PROPULSION ------- Light Treads Advanced Treads Advanced Treads > --- UTILITY ---------- Large Storage Unit Medium Matter Pod Improved Utility Shielding Improved Weapon Shielding Light Armor Plating > --- WEAPON ----------- High-powered Shotgun High-powered Shotgun High-powered Shotgun High-powered Shotgun > --- INVENTORY -------- Light Treads Improved Utility Shielding Improved Light Armor Plating Improved Light Armor Plating Light Assault Rifle Autogun Shotgun Shotgun Flak Cannon [Rating: 31] Favorites ----------- Power Ion Engine Engine Ion Engine Power Core Micro Nuclear Core Propulsion Light Treads Treads Light Treads Leg Aluminum Leg Flight Unit Improved Cesium-ion Thruster Utility Medium Matter Pod Storage Medium Matter Pod Protection Improved Light Armor Plating Weapon High-powered Shotgun Energy Gun Gatling Laser Ballistic Gun High-powered Shotgun Ballistic Cannon Flak Cannon Build | -11 -10 -9 -8 -7 ------- Run | Yrd Mat Mat Mat Fac Slots Evolved 6 | . . 2 2 2 Power . | . . . . . Propulsion 1 | . . . . 1 Utility 3 | . . 1 1 1 Weapon 2 | . . 1 1 . Parts Attached 48 | 1 8 9 12 18 Power 7 | . 1 . 5 1 Engine 5 | . 1 . 4 . Core 2 | . . . 1 1 Reactor . | . . . . . Propulsion 15 | . 3 3 3 6 Treads 12 | . 3 3 3 3 Leg 2 | . . . . 2 Wheel . | . . . . . Hover . | . . . . . Flight 1 | . . . . 1 Utility 12 | 1 2 2 3 4 Device . | . . . . . Storage 3 | 1 1 1 . . Processor . | . . . . . Hackware . | . . . . . Protection 9 | . 1 1 3 4 Artifact . | . . . . . Weapon 14 | . 2 4 1 7 Energy Gun 1 | . . . . 1 Energy Cannon . | . . . . . Ballistic Gun 12 | . 2 4 1 5 Ballistic Cannon 1 | . . . . 1 Launcher . | . . . . . Special Weapon . | . . . . . Impact Weapon . | . . . . . Slashing Weapon . | . . . . . Piercing Weapon . | . . . . . Special Melee Weapon . | . . . . . Unidentified Prototypes 1 | . . . . 1 Parts Lost 27 | . 1 . 2 24 Power 4 | . . . 2 2 Propulsion 8 | . . . . 8 Utility 7 | . 1 . . 6 Weapon 8 | . . . . 8 Highest Loss Streak 6 | . 1 . 1 6 To Critical Strikes 1 | . . . . 1 Average Backups 6 | 5 4 7 9 5 Power 1 | 1 2 3 1 . Propulsion 1 | 1 1 2 2 . Utility 1 | . . 1 1 2 Weapon 2 | 2 1 1 3 2 Tool/Special . | . . . . . Unused Backups 7 | . . 1 2 4 Power 3 | . . . . 3 Propulsion 2 | . . . 2 . Utility 1 | . . . . 1 Weapon 1 | . . 1 . . Tool/Special . | . . . . . Average Slot Usage (%) 94 | . 95 99 99 89 Engine 5 | . 14 11 3 2 Core 3 | . . . 5 4 Treads 19 | . 27 21 18 17 Storage 17 | . 17 22 18 15 Protection 15 | . 6 10 18 19 Ballistic Gun 28 | . 27 33 35 23 Ballistic Cannon 1 | . . . . 2 Peak Build Rating 31 | 1 7 18 29 31 Average Rating 21 | . 6 17 24 26 On Entrance 10 | . 1 7 18 25 Avg Prop Armor Cover (%) 7 | . . . . 7 Naked Turns . | . . . . . Heaviest Build 49 | 5 16 39 44 49 Greatest Support 64 | 3 40 40 42 64 Greatest Overweight (x) 9 | 1 . . 1 9 Average Overweight (x) . | . . . . . Largest Inventory Capacity 15 | 8 8 15 15 15 Average Capacity 12 | 7 8 8 15 15 Most Carried 13 | 7 8 8 13 12 Average Carried 6 | 5 4 7 9 5 Final Capacity 15 | 8 8 15 15 15 Final Carried 11 | 7 8 8 11 4 Class Distribution -------------------- 70% | Tank 18% | Mutant 8% | Scavenger-Tank Dominant Class ---------------- Mutant | -10/Materials Tank | -9/Materials Tank | -8/Materials Tank | -7/Factory Resources | -11 -10 -9 -8 -7 ----------- Run | Yrd Mat Mat Mat Fac Matter Collected 2098 | 209 269 235 448 937 Remotely . | . . . . . Salvage Created 2033 | . 323 239 549 922 Parts 130 | . 17 20 41 52 Haulers Intercepted 2 | . . . . 2 Recyclers Shooed . | . . . . . Parts Field Recycled . | . . . . . Retrieved Matter . | . . . . . Parts Self-Destructed . | . . . . . Prevented . | . . . . . Parts Restored . | . . . . . Kills | -11 -10 -9 -8 -7 ------- Run | Yrd Mat Mat Mat Fac Combat Hostiles Destroyed 49 | . 9 6 15 19 Guns 47 | . 9 6 15 17 Cannons 2 | . . . . 2 Classes Destroyed 10 | . 2 1 3 4 Worker 10 | . . . 4 6 Hauler 2 | . . . . 2 Recycler 1 | . . . 1 . Mechanic 1 | . . . . 1 Watcher 1 | . . . . 1 Swarmer 16 | . 3 . 7 6 Grunt 22 | . 6 2 5 9 Sentry 7 | . . 4 2 1 Hunter 1 | . . . 1 . Programmer 3 | . . . . 3 Best Kill Streak 8 | . 2 2 8 3 Combat Bots Only 8 | . 2 2 8 3 Max Kills in Single Turn 2 | . 1 1 2 1 Gunslinging 1 | . . . 1 . Exploded . | . . . . . Melee . | . . . . . Uniques/NPCs Destroyed . | . . . . . Combat | -11 -10 -9 -8 -7 -------- Run | Yrd Mat Mat Mat Fac Hostile Shots Fired 525 | . 62 16 135 312 Missed 134 | . 11 5 33 85 Hits 391 | . 51 11 102 227 Projectile 391 | . 51 11 102 227 Critical Strikes 12 | . 3 . 1 8 Actively Blocked 2 | . . . . 2 Damage Taken 5070 | . 591 155 1134 3190 Core 949 | . 93 23 130 703 Absorbed by Shields . | . . . . . Redirected to Shielding 224 | . . . 17 207 Core Remaining (%) 83 | 100 62 94 76 . Volleys Fired 145 | . 38 8 28 71 Largest 4 | . 2 3 4 4 Hottest 149 | . 40 75 100 149 Shots Fired 405 | . 76 24 115 190 Gun 384 | . 76 24 115 169 Cannon 21 | . . . . 21 Launcher . | . . . . . Special . | . . . . . Kinetic 389 | . 76 24 115 174 Thermal 16 | . . . . 16 Explosive . | . . . . . Electromagnetic . | . . . . . Robot Hit Streak 10 | . 10 7 6 7 Robot Miss Streak 9 | . 5 4 9 5 Penetration Max . | . . . . . Secondary Targets 8 | . . . 3 5 Max Gunslinging Chain 1 | . . . 1 1 Shots Hit Robots 244 | . 49 17 64 114 Core Hits 138 | . 19 12 35 72 Critical Kills . | . . . . . Critical Parts Destroyed . | . . . . . Critical Strikes . | . . . . . Melee Attacks . | . . . . . Impact . | . . . . . Slashing . | . . . . . Piercing . | . . . . . Sneak Attacks . | . . . . . Combat Hostiles . | . . . . . Follow-up Attacks . | . . . . . Damage Inflicted 3798 | . 508 310 1063 1917 Guns 3565 | . 508 310 1063 1684 Cannons 233 | . . . . 233 Explosions . | . . . . . Melee . | . . . . . Ramming . | . . . . . Kinetic 3556 | . 508 310 1063 1675 Thermal 242 | . . . . 242 Explosive . | . . . . . Electromagnetic . | . . . . . Impact . | . . . . . Slashing . | . . . . . Piercing . | . . . . . Highest Corruption 11 | . 1 2 2 11 Average Corruption 3 | . 1 1 1 4 Corruption Purged . | . . . . . Corruption Blocked . | . . . . . Effects 52 | . . . 10 42 Message Errors 18 | . . . 3 15 Matter Fused 12 | . . . 3 9 Heat Flow Errors 5 | . . . . 5 Energy Discharges 4 | . . . . 4 Parts Rejected 2 | . . . . 2 Data Loss (minor) 3 | . . . . 3 Misfires 3 | . . . 3 . Alerts 2 | . . . 1 1 Weapon Failures 3 | . . . . 3 Overload Shots . | . . . . . Overflow Damage 55 | . . . . 55 Projectiles . | . . . . . Explosions 55 | . . . . 55 Melee . | . . . . . Knockbacks 8 | . . . . 8 Impact . | . . . . . Kinetic 8 | . . . . 8 Secondary . | . . . . . Self-Inflicted Damage 288 | . . . . 288 Shots 3 | . . . . 3 Rammed . | . . . . . Targets Rammed . | . . . . . Kicked . | . . . . . Crushed . | . . . . . Highest Temperature 435 | . 48 30 231 435 Average Temperature 66 | . 13 10 66 91 Received Heat Transfer 966 | . 315 36 126 489 Effects 3 | . . . . 3 Shutdowns 1 | . . . . 1 Energy Bleed 1 | . . . . 1 Matter Decay 1 | . . . . 1 Siege Activations . | . . . . . Martial Activations . | . . . . . Shielding Activations . | . . . . . Robots Disrupted . | . . . . . Combat Hostiles . | . . . . . Robots Corrupted . | . . . . . Combat Hostiles . | . . . . . Parts Fried . | . . . . . Impact Corruptions . | . . . . . Robots Melted . | . . . . . Combat Hostiles . | . . . . . Parts Melted . | . . . . . Heat Transferred 550 | . . . . 550 Parts Sabotaged . | . . . . . Parts Stolen . | . . . . . Parts Stripped . | . . . . . Power Chain Reactions . | . . . . . Alert | -11 -10 -9 -8 -7 ------- Run | Yrd Mat Mat Mat Fac Maximum Alert Level 1 | . . . . 1 Low Security (%) 98 | 100 100 100 100 95 Level 1 1 | . . . . 4 Level 2 . | . . . . . Level 3 . | . . . . . Level 4 . | . . . . . Level 5 . | . . . . . High Security . | . . . . . Max Security . | . . . . . Peak Influence 219 | . 100 58 151 219 Initial 50 | . . 26 3 50 Average 51 | . 38 15 55 66 Influence Increases 1592 | . 250 171 432 739 Destroy 0b10 Robot/C 980 | . 180 120 300 380 Destroy 0b10 Robot/NC 75 | . . . 25 50 Destroy Leader 256 | . 40 50 60 106 Disable Machine 135 | . . . 30 105 Destroy Structure 41 | . . 1 2 38 Lose Combat Pursuer 105 | . 30 . 15 60 Influence Decreases 1411 | . 188 223 330 670 Entered New Map 105 | . . 36 7 62 Time Decay 1056 | . 178 187 303 388 Lost Part 250 | . 10 . 20 220 Squads Dispatched 13 | . 1 2 1 9 Investigation 1 | . 1 . . . Extermination 3 | . . . . 3 Reinforcement 4 | . . 2 1 1 Assault . | . . . . . Garrison 5 | . . . . 5 Intercept . | . . . . . Searches Triggered . | . . . . . Construction Impeded . | . . . . . Haulers Reinforced 1 | . . . . 1 Active Scanning Responses . | . . . . . Cargo Convoy Interrupts . | . . . . . Stealth | -11 -10 -9 -8 -7 --------- Run | Yrd Mat Mat Mat Fac Distress Signals 7 | . 2 1 2 2 Communications Jammed . | . . . . . Distress Signals . | . . . . . Times Spotted 79 | . 15 11 23 30 Peak Tracking Total 8 | . 4 4 8 4 Tactical Retreats 5 | . 1 . 1 3 Traps | -11 -10 -9 -8 -7 ------- Run | Yrd Mat Mat Mat Fac Traps Triggered 9 | . 1 2 2 4 Indirectly . | . . . . . Trap Hack Attempts . | . . . . . Triggered . | . . . . . Disarmed . | . . . . . Reprogrammed . | . . . . . Reused . | . . . . . Traps Extracted . | . . . . . Installed . | . . . . . Triggered . | . . . . . Machines | -11 -10 -9 -8 -7 ---------- Run | Yrd Mat Mat Mat Fac Machines Disabled 9 | . . . 2 7 Max in Single Turn 7 | . . . 1 7 Machines Repaired . | . . . . . Machines Dismantled . | . . . . . Machines Sabotaged . | . . . . . Overloaded Fab Kills . | . . . . . Hacking | -11 -10 -9 -8 -7 --------- Run | Yrd Mat Mat Mat Fac Machines Accessed 3 | . 1 1 . 1 Terminals 3 | . 1 1 . 1 Fabricators . | . . . . . Repair Stations . | . . . . . Recycling Units . | . . . . . Scanalyzers . | . . . . . Garrison Access . | . . . . . Total Hacks 4 | . 2 1 . 1 Successful 1 | . . . . 1 Failed 3 | . 2 1 . . Catastrophic 1 | . 1 . . . Database Lockouts . | . . . . . Manual 4 | . 2 1 . 1 Terminals 4 | . 2 1 . 1 Fabricators . | . . . . . Repair Stations . | . . . . . Recycling Units . | . . . . . Scanalyzers . | . . . . . Garrison Access . | . . . . . Terminal Hacks 1 | . . . . 1 Open DSF 1 | . . . . 1 Fabricator Hacks . | . . . . . Repair Station Hacks . | . . . . . Recycling Unit Hacks . | . . . . . Scanalyzer . | . . . . . Garrison Access Hacks . | . . . . . Unauthorized Hacks . | . . . . . Terminals . | . . . . . Fabricators . | . . . . . Repair Stations . | . . . . . Recycling Units . | . . . . . Scanalyzers . | . . . . . Garrison Access . | . . . . . Data Cores Recovered . | . . . . . Used . | . . . . . Hacking Detections 1 | . 1 . . . Full Trace Events 1 | . 1 . . . Feedback Events 1 | . 1 . . . Corruption 1 | . 1 . . . Feedback Blocked . | . . . . . Robot Schematics Acquired . | . . . . . Robots Built . | . . . . . Authchips . | . . . . . Time . | . . . . . Total Robot Build Rating . | . . . . . Part Schematics Acquired . | . . . . . Parts Built . | . . . . . Authchips . | . . . . . Time . | . . . . . Total Part Build Rating . | . . . . . Part Studies Acquired . | . . . . . Parts Repaired . | . . . . . Time . | . . . . . Parts Recycled . | . . . . . Recycled Matter . | . . . . . Retrieved Matter . | . . . . . Retrieved Components . | . . . . . Parts Scanalyzed . | . . . . . Part Schematics Acquired . | . . . . . Parts Damaged . | . . . . . Bothacking | -11 -10 -9 -8 -7 ------------ Run | Yrd Mat Mat Mat Fac Used RIF Installer . | . . . . . Robots Hacked . | . . . . . Non-combat . | . . . . . Combat . | . . . . . Robot Hacks Applied . | . . . . . Relay Couplers Released . | . . . . . Fabnet Peak Effective % . | . . . . . Robots Rewired . | . . . . . Allies Hacked . | . . . . . Hacks Repelled . | . . . . . Allies | -11 -10 -9 -8 -7 -------- Run | Yrd Mat Mat Mat Fac Total Allies . | . . . . . Largest Group . | . . . . . Highest-Rated Group . | . . . . . Highest-Rated Ally . | . . . . . Total Orders . | . . . . . Ally Attacks . | . . . . . Total Damage . | . . . . . Kills . | . . . . . Allies Corrupted . | . . . . . Allies Melted . | . . . . . Intel | -11 -10 -9 -8 -7 ------- Run | Yrd Mat Mat Mat Fac Active Infowar (turns) . | . . . . . Robot Analysis Total . | . . . . . Derelict Logs Recovered . | . . . . . Drone Launches . | . . . . . Drone Recoveries . | . . . . . Exploration | -11 -10 -9 -8 -7 ------------- Run | Yrd Mat Mat Mat Fac Turns Passed 4354 | 43 614 675 1090 1932 Spaces Moved 1502 | 42 184 249 319 708 Core 62 | 42 . . . 20 Treads 1397 | . 184 249 319 645 Legs 43 | . . . . 43 Wheels . | . . . . . Hover . | . . . . . Flight . | . . . . . Fastest Speed 50 | 50 160 160 152 150 Average Speed 183 | 82 160 160 214 188 Slowest Speed 500 | 100 160 160 240 500 Overloaded Moves . | . . . . . Propulsion Burnouts . | . . . . . Robots Hopped . | . . . . . Potential Cave-ins . | . . . . . Cave-ins Triggered . | . . . . . Exploration Rate (%) 20 | 4 32 28 25 11 Regions Visited 4 Branch Regions . Pre-discovered Areas . | . . . . . Known Exits Taken . | . . . . . Unknown Exits Taken 4 | 1 1 1 1 . Scrap Searched . | . . . . . Spaces Dug . | . . . . . Terrain Destroyed 63 | . . . . 63 Melee . | . . . . . Projectile . | . . . . . AOE 63 | . . . . 63 Terrain Rammed . | . . . . . Walls Destroyed . | . . . . . Machines Disabled . | . . . . . Actions | -11 -10 -9 -8 -7 --------- Run | Yrd Mat Mat Mat Fac Total 2827 | 49 434 512 654 1178 Wait 1057 | . 198 236 272 351 Move 1498 | 41 183 248 318 708 Hop . | . . . . . Pick Up 52 | 7 7 3 15 20 Fast Attach 3 | 1 1 1 . . Attach 41 | . 6 2 6 27 Detach . | . . . . . Swap 14 | . 1 6 7 . Drop 17 | . . 8 8 1 Fire 145 | . 38 8 28 71 Melee . | . . . . . Ram . | . . . . . Kick . | . . . . . Crush . | . . . . . Escape Stasis . | . . . . . Rewire . | . . . . . Trap . | . . . . . Miscellaneous . | . . . . . Route ------- -11/Scrapyard -10/Materials -9/Materials (discovered 2 exits: [*Mat] / [*Min]) -8/Materials -7/Factory History --------- Turn | Location | Event 11 | -11/Scrapyard | Discovered new exit (range 16) 44 | -11/Scrapyard | Entered Materials 316 | -10/Materials | Build established: Mutant 632 | -10/Materials | Discovered new exit (range 15) 658 | -10/Materials | Entered another Materials area 658 | -9/Materials | Evolved 2 slots: Utility x1, Weapon x1 991 | -9/Materials | Build established: Tank 1091 | -9/Materials | Discovered new exit (range 16) 1328 | -9/Materials | Discovered new exit (range 4) 1333 | -9/Materials | Entered another Materials area 1333 | -8/Materials | Evolved 2 slots: Utility x1, Weapon x1 1553 | -8/Materials | Destroyed 8 combat bots 2382 | -8/Materials | Discovered new exit (range 4) 2423 | -8/Materials | Entered Factory 2423 | -7/Factory | Evolved 2 slots: Propulsion x1, Utility x1 3670 | -7/Factory | Garrison activated, responded to threat 3761 | -7/Factory | Lost 3 parts (2n1u) 3779 | -7/Factory | Garrison activated, responded to threat 4023 | -7/Factory | Garrison activated, responded to threat 4062 | -7/Factory | Lost 3 parts (1n2u) 4235 | -7/Factory | Lost 3 parts (1n2w) 4237 | -7/Factory | Core integrity fell below 50% 4294 | -7/Factory | Lost 6 parts (1p2n1u2w) 4326 | -7/Factory | System corruption reached 10% 4338 | -7/Factory | Core integrity fell below 20% 4355 | -7/Factory | Destroyed by P-60 Hacker with Shock Rifle Last Messages --------------- 04276_ K-01 Serf collects debris. 04277_ System corrupted: Component data lost. 04280_ K-01 Serf collects debris. 04286_ K-01 Serf destroyed. 04294_ K-01 Serf collects debris. 04295_ S-27 Virus destroyed. 04297_ K-01 Serf destroyed. 04304_ Acquired 24 matter. 04308_ Acquired 36 matter. 04313_ Z3VAN: PQNW> EBD 04352_ 4C/XLAZPN2|2 ,CQA>XHSDH6ALK 04352_ Med. Matter Pod destroyed. Map ----- +----------------------------------------------------+ | ?????????????????????????????????????????????????? | | ?????????????????????????????????????????????????? | | ?????????????????????????????????????????????????? | | ?????????????????????????????????????????????????? | | ?????????????????????????????????????????????????? | | ?????????????????????????????????????????????????? | | ?????????????????????????????????????????????????? | | ?????????????????????????????????????????????????? | | ?????????????????????????????????????????????????? | | ?????????????????????????????????????????????????? | | ?????????????????????????????????????????????????? | | ?????????????????????????????????????????????????? | | ?????????????????????????#???????????????????????? | | ????????????????????????? ???????????????????????? | | ???????????????????????? ??????????????????????? | | ???????????????????????? ??????????????????????? | | ????????????????????????" "??????????????????????? | | ??????????????????# ????" "????#?????????????????? | | ??????????????????# """ """ #?????????????????? | | ??????????????????# #?????????????????? | | ??????????????????# """ """ #?????????????????? | | ??????????????????# """ """ #?????????????????? | | ??????????????????? """ """ #?????????????????? | | ????????????????????? ???????????????????? | | ??????????????????????? ?????????????????????? | | ???????????##############@###????????????????????? | | ?????????? #????????????????????? | | ?????????? #????????????????????? | | ?????????? u p #?######?????????????? | | ???????????##############k #?#""""#?????????????? | | ???????????????# ] * # p ###"F "##########????? | | ???????????????# """%= + #????? | | ???????????????# """== !# #????? | | ???????????????# """*=" # ^ ###### | | ???????????????# ""!"" # """ """ # | | ???????????????# "" =G # """ """ # """ | | ???????????????# "" # """ """ =# """= | | ???????????????# " # """ # """[ | | ???????????????# # ! # = | | ???????????#########+#### """ """ # = | | ???????????# % # """ """ #[ ! | | ???????????# + """ """ ==+*! | | ???????????# """ """ # !#!"" | | ???????????# """ """ # [ # "" | | ???????????# """ """ # """ """ !* # "T | | ???????????# # """ """ # "" | | ???????????# """ """ # """ """ # "" | | ???????????# """ """ # """^ # | | ???????????# """ """ |# ###### | | ???????????# ! # """ """ #????? | +----------------------------------------------------+ Best States ------------- Heat Dissipation 34 Energy Generation 15 Energy Capacity 250 Matter Stores 400 Matter Capacity 400 Sight Range 16 Terrain Scan Density 10 Armor Coverage 300 Utility Shielding 66 Weapon Shielding 66 Evasion (%) 50 Recoil Reduction 3 Item Schematics ----------------- None Robot Schematics ------------------ None Fabricated ------------ Nothing Repaired ---------- Nothing Studied --------- None Alien Tech Used ----------------- None Achievements -------------- None Challenges ------------ None Game ------ Seed RagnarokZhirovTrap Manual? 0 Play Time 00:28:50 Cumulative 29.1 hours Start 2025.11.17 @ 18:52:27 End 2025.11.17 @ 19:19:14 Sessions 1 Manual Loads 0 Difficulty Rogue Special Mode None Game No. 88 Rogue 88 Adventurer 0 Explorer 0 Win Type - Total 0 Types 0/0/0/0/0/0/0/0/0/0 Lore% 7 Gallery% 23 Achievement% 17 Wizard Run 0 Options --------- Layout 1 ASCII 0 Keyboard 0 Movement Mouse Keybinds 0 Fullscreen 1 Font 24/Terminus Map View 50x35 Zoom Use 0% Tactical HUD 1 Map Filters NONE Filters NONE Steam 1 RUN: 15af373e-2025-4517-942a-e3feedae83d9